 Dungeon Crawl Stone Soup version 0.27-a0-920-gb2bd10914a (webtiles) character file.

Game seed: 5983121274854667512

1430211 Forgeling the Sorcerer (level 27, 224/225 (226) HPs)
             Began as a Djinni Wanderer on Apr 9, 2021.
             Was the Champion of Ashenzari.
             Escaped with the Orb
             ... and 3 runes on Apr 13, 2021!
             The game lasted 04:01:29 (102007 turns).

Forgeling the Sorcerer (Djinni Wanderer)          Turns: 102007, Time: 04:01:30

HP:   224/225 (226) AC: 39    Str: 15    XL:     27
Gold: 2482          EV: 21    Int: 26    God:    Ashenzari [******] SH: 29 Dex: 19

rFire    + + .     SeeInvis +   a - +9 eveningstar "Augurer of Ashenzari" {flame, Self, Melee} (curse)
rCold    + + .     Faith    .   n - +0 tower shield of Ashenzari's Vexation {Self, Fort} (curse)
rNeg     + . .     Spirit   .   T - +9 ice dragon scales of Supernal Wisdom {rF- rC++, Fort, Evo} (curse)
rPois    ∞         Reflect  +   u - +2 hat of Ashenzari's Annoyance {Dex+5, Melee, Self} (curse)
rElec    +         Harm     .   f - +2 cloak of Apeoromancy {Melee, Cun} (curse)
rCorr    +         Rampage  .   L - +2 pair of gloves of the Eternal Omen {Dex+3, Cun, Evo} (curse)
Will     ++++.     Clarity  +   (boots unavailable)
Stlth    ++........             V - amulet "Per Aspera Ad Scientiam" {Reflect Will++ Str+5 Dex-4 SH+5, Fort, Melee} (curse)
HPRegen  0.47/turn              j - ring of Ashenzari's Free Will {rElec rC+ rCorr Dex+2, Self, Fort} (curse)
MPRegen  0.00/turn              b - ring of the Elysian Sage {rN+, Melee, Self} (curse)

@: flying, studying Armour, lightly drained
A: fire resistance 3, cold vulnerability 1, float, innate caster, hp casting,
extra vitality 1, dopey 1, no potion heal 1
0: Orb of Zot
}: 3/15 runes: decaying, serpentine, slimy
a: Renounce Religion, Shatter the Chains


You escaped.
You worshipped Ashenzari.
Ashenzari was exalted by your worship.
You visited 11 branches of the dungeon, and saw 54 of its levels.
You also visited: Sewer, Bailey, Gauntlet and Ice Cave.

You collected 7495 gold pieces.
You spent 5013 gold pieces at shops.

Inventory:

Hand Weapons
 a - the cursed +9 eveningstar "Augurer of Ashenzari" (weapon) {flame, Self, Melee}
   (You subdued it on level 2 of the Elven Halls)

   It has been specially enchanted to burn those struck by it, causing extra
   injury to most foes and up to half again as much damage against particularly
   susceptible opponents.
   It has a curse which improves the following skills: Introspection: Fighting
   and Spellcasting.
   Melee Combat: Short Blades, Long Blades, Axes, Maces & Flails, Polearms,
   Staves and Unarmed Combat.
Missiles
 c - 8 throwing nets
 g - 22 javelins
 t - 23 curare-tipped darts
 x - 23 silver javelins
Armour
 f - the cursed +2 cloak of Apeoromancy (worn) {Melee, Cun}
   (You found it on level 2 of the Lair of Beasts)

   It has a curse which improves the following skills: Melee Combat: Short
   Blades, Long Blades, Axes, Maces & Flails, Polearms, Staves and Unarmed
   Combat.
   Cunning:   Dodging and Stealth.
 n - the cursed +0 tower shield of Ashenzari's Vexation (worn) {Self, Fort}
   (You found it on level 4 of the Dungeon)

   It has a curse which improves the following skills: Introspection: Fighting
   and Spellcasting.
   Fortitude: Armour and Shields.
 u - the cursed +2 hat of Ashenzari's Annoyance (worn) {Dex+5, Melee, Self}
   (You acquired it on level 1 of the Lair of Beasts)

   It affects your dexterity (+5).
   It has a curse which improves the following skills: Melee Combat: Short
   Blades, Long Blades, Axes, Maces & Flails, Polearms, Staves and Unarmed
   Combat.
   Introspection: Fighting and Spellcasting.
 L - the cursed +2 pair of gloves of the Eternal Omen (worn) {Dex+3, Cun, Evo}
   (You found it in a Gauntlet)

   It has a curse which improves the following skills: Cunning: Dodging and
   Stealth.
   Evocations: Evocations.
 T - the cursed +9 ice dragon scales of Supernal Wisdom (worn) {rF- rC++, Fort, Evo}
   (You found it on level 1 of the Depths)

   It makes you vulnerable to fire.
   It greatly protects you from cold.
   It has a curse which improves the following skills: Fortitude: Armour and
   Shields.
   Evocations: Evocations.
Jewellery
 b - the cursed ring of the Elysian Sage (right hand) {rN+, Melee, Self}
   (You found it in an ice cave)

   [ring of positive energy]

   It protects you from negative energy.
   It has a curse which improves the following skills: Melee Combat: Short
   Blades, Long Blades, Axes, Maces & Flails, Polearms, Staves and Unarmed
   Combat.
   Introspection: Fighting and Spellcasting.
 j - the cursed ring of Ashenzari's Free Will (left hand) {rElec rC+ rCorr Dex+2, Self, Fort}
   (You found it in a Gauntlet)

   [ring of resist corrosion]

   It affects your dexterity (+2).
   It protects you from cold.
   It insulates you from electricity.
   It protects you from acid and corrosion.
   It has a curse which improves the following skills: Introspection: Fighting
   and Spellcasting.
   Fortitude: Armour and Shields.
 o - the ring of the Sparrow {rF+ Dex+7}
   (You found it on level 5 of the Pits of Slime)

   [ring of protection from fire]

   It affects your dexterity (+7).
   It protects you from fire.
 q - a ring of fire
 r - the amulet "Biexzaci" {Acrobat Drain Fly Will++ Dex+4}
   (You acquired it on level 2 of the Snake Pit)

   [amulet of the acrobat]

   It increases your evasion while moving and waiting.
   It affects your dexterity (+4).
   It grants you flight.
   It drains your maximum health when unequipped.
   It greatly increases your willpower.
 V - the cursed amulet "Per Aspera Ad Scientiam" (around neck) {Reflect Will++ Str+5 Dex-4 SH+5, Fort, Melee}
   (You took it off a minotaur in a Gauntlet)

   [amulet of reflection]

   It reflects blocked missile attacks.
   It affects your strength (+5).
   It affects your dexterity (-4).
   It affects your SH (+5).
   It greatly increases your willpower.
   It has a curse which improves the following skills: Fortitude: Armour and
   Shields.
   Melee Combat: Short Blades, Long Blades, Axes, Maces & Flails, Polearms,
   Staves and Unarmed Combat.
Wands
 d - a wand of digging (5)
 e - a wand of charming (18)
 h - a wand of acid (37)
 i - a wand of iceblast (29)
 p - a wand of paralysis (16)
 y - a wand of mindburst (42)
Scrolls
 k - a scroll of enchant weapon
 D - 7 scrolls of blinking
 E - 2 scrolls of fear
 F - 5 scrolls of fog
 K - 12 scrolls of immolation
 O - 5 scrolls of silence
 P - 3 scrolls of enchant armour
 S - 4 scrolls of summoning
 W - a scroll of holy word
 X - 10 scrolls of magic mapping {@r4}
 Y - 19 scrolls of teleportation {@r3}
Potions
 A - 2 potions of attraction
 B - 8 potions of brilliance
 C - 4 potions of cancellation
 G - 6 potions of ambrosia
 H - 7 potions of haste
 I - 4 potions of invisibility
 J - 18 potions of curing {@q1}
 M - 6 potions of might
 N - 12 potions of heal wounds {@q2}
 Q - a potion of magic
 R - a potion of resistance
 U - 7 potions of mutation
Miscellaneous
 l - a condenser vane
 m - a phantom mirror
 s - a tin of tremorstones (2/2)
 v - a lightning rod (4/4)
 w - a phial of floods
 z - a box of beasts


   Skills:
 - Level 19.8(26.7) Fighting
 - Level 10.0(17.7) Maces & Flails
 - Level 4.4 Throwing
 - Level 20.9(26.6) Armour
 - Level 17.1(20.9) Dodging
 - Level 11.3(15.5) Stealth
 - Level 19.1(25.0) Shields
 + Level 21.0(27) Spellcasting
 - Level 16.5(20.3) Evocations


You had 5 spell levels left.
You knew the following spells:

 Your Spells              Type           Power      Damage    Failure   Level
a - Iron Shot             Conj/Erth      54%        9d10      0%          6
b - Corpse Rot            Necr/Air       N/A        N/A       0%          2
c - Iskenderun's Battles  Conj           100%       2d15      0%          5
d - Shock                 Conj/Air       100%       1d9       0%          1
e - Haunt                 Necr/Summ      54%        N/A       1%          7
f - Metabolic Englaciati  Hex/Ice        54%        N/A       0%          5
g - Malign Gateway        Summ/Tloc      54%        N/A       1%          7
h - Monstrous Menagerie   Summ           54%        N/A       1%          7
p - Dazzling Flash        Conj/Hex       100%       N/A       0%          3
s - Poisonous Vapours     Pois/Air       100%       N/A       0%          2
u - Passwall              Tmut/Erth      90%        N/A       0%          2
w - Wereblood             Tmut           100%       N/A       0%          2
x - Absolute Zero         Ice            54%        ∞         2%          9
J - Death's Door          Necr           54%        N/A       2%          9
K - Borgnjor's Revivific  Necr           54%        N/A       1%          8
Your spell library was empty.

Dungeon Overview and Level Annotations

Branches:
Dungeon (15/15)            Temple (1/1) D:6            Lair (6/6) D:10
  Swamp (4/4) Lair:2        Snake (4/4) Lair:3        Slime (5/5) Lair:6
    Orc (2/2) D:9             Elf (3/3) Orc:2        Vaults (4/5) D:13
  Crypt (0/3) Vaults:3     Depths (5/5) D:15            Zot (5/5) Depths:5
  Sewer (visited)          Bailey (visited)           IceCv (visited)
Gauntlet (visited)

Altars:
Ashenzari
Cheibriados
Dithmenos
Elyvilon
Fedhas
Gozag
Hepliaklqana
Kikubaaqudgha
Makhleb
Nemelex Xobeh
Okawaru
Qazlal
Ru
Sif Muna
Trog
Uskayaw
Vehumet
Wu Jian
Xom
Yredelemnul
Zin
The Shining One

Shops:
D:4 *   D:5 *   D:8 [   D:13 *   Orc:1 (   Orc:2 [*:   Elf:1 :   Elf:2 :
Elf:3 (=   Snake:1 ==:   Vaults:1 (   Vaults:3 (   Vaults:4 ?   Depths:1 ??*
Depths:4 (:

Portals:
Hell: Depths:1 Depths:2 Depths:3 Depths:4 Depths:5
Abyss: Depths:2 Depths:4 Depths:5
Pandemonium: Depths:3 Depths:5
Ziggurat: Depths:4


Innate Abilities, Weirdness & Mutations

You are immune to poison.
Your flesh is almost immune to the effects of heat. (rF+++)
You are vulnerable to cold. (rC-)
You float through the air rather than walking.
You learn spells naturally, not from books.
Your magical power is your life essence.
You have superior vitality. (+4 HP)
You are dopey. (Int -2)
Potions are less effective at restoring your health.


Message History

There is a stone staircase leading down here.
A sun demon comes into view.
Unknown command.
The sun demon moves out of view.
There is a stone staircase leading up here.
You fly upwards.
There is a stone staircase leading down here.
(D) Dungeon (T) Temple (L) Lair (S) Swamp (P) Snake Pit (M) Slime Pits (O) Orcish Mines (E) Elven Halls (V) Vaults (C) Crypt (U) Depths (H) Hell (Z) Zot
Where to? (Enter - D:1 @ (x,y), ? - help)
There is a stone staircase leading up here.
You fly upwards.
There is a stone staircase leading down here.
You see here a +0 ring mail.
There is a stone staircase leading up here.
You fly upwards.
There is a stone staircase leading down here.
There is a stone staircase leading up here.
You fly upwards.
There is a stone staircase leading down here.
There is a stone staircase leading up here.
You fly upwards.
There is a stone staircase leading down here.
There is a stone staircase leading up here.
You fly upwards.
There is a stone staircase leading down here.
There is a stone staircase leading up here.
You fly upwards.
There is a stone staircase leading down here.
There is a stone staircase leading up here.
You fly upwards.
There is a stone staircase leading down here.
There is a stone staircase leading up here.
You fly upwards.
There is a stone staircase leading down here.
There is a staircase leading out of the dungeon here.
There is a staircase leading out of the dungeon here.
You have escaped!

#.# ##.## #.# ##...# #.#
##...## ## ##########.##
##...## #.
########....###...## #.
########.....#...## #.
########.....(..## #.
####>..'........#########.
########.@..............†.
########.........#########
##################
###############
###########


There were no monsters in sight!

Vanquished Creatures
  An ancient lich (Zot:5)
  4 dread liches
  2 orbs of fire (Zot:5)
  4 juggernauts
  9 Killer Klowns (Zot:5)
  A golden dragon (shapeshifter) (Elf:3)
  12 golden dragons
  the Enchantress (Depths:1)
  2 electric golems (Zot:5)
  A Tzitzimitl (Depths:3)
  9 tentacled monstrosities
  Jorgrun (D:14)
  27 Orb Guardians
  3 titans
  An Ice Fiend (IceCv)
  2 deep elf blademasters (Elf:3)
  6 liches
  3 deep elf master archers
  2 quicksilver dragons
  6 death cobs
  8 acid blobs
  The ghost of Lobster4 the Warrior, an adept HOFi of Hepliaklqana (Elf:2)
  7 shadow dragons
  5 sphinxes
  8 tengu reavers
  6 storm dragons
  Roxanne (Snake:3)
  4 draconian monks
  5 rockslimes
  4 fire giants
  9 azure jellies
  5 nagarajas
  2 deep elf sorcerers (Elf:3)
  2 iron dragons
  A draconian knight (Zot:3)
  4 vault wardens
  14 frost giants
  4 draconian annihilators
  Louise (D:14)
  2 draconian stormcallers
  2 orc warlords
  2 ghost moths (Zot:5)
  A draconian scorcher (Zot:5)
  A deep elf elementalist (Depths:4)
  A draconian shifter (Zot:5)
  17 very ugly things
  4 quicksilver oozes (Slime:5)
  12 ironbound preservers
  8 spriggan defenders
  19 stone giants
  2 war gargoyles (Vaults:4)
  A reaper (Depths:4)
  8 vampire knights
  Nessos (Lair:5)
  6 black draconians
  5 green draconians
  7 deep elf demonologists
  6 deep elf annihilators
  5 yellow draconians
  3 purple draconians
  2 white draconians (Zot:5)
  A bunyip (Swamp:4)
  11 red draconians
  A minotaur (Gauntlet)
  10 spark wasps
  5 deep elf death magi
  13 ettins
  2 crystal guardians (Vaults:3)
  An eleionoma (shapeshifter) (Depths:5)
  An eleionoma (Swamp:4)
  5 salamander tyrants
  9 yaktaur captains
  11 fire dragons
  3 deep elf high priests
  Erolcha (D:9)
  5 vault guards (Vaults:4)
  23 hydras
  14 great orbs of eyes
  5 ironbound thunderhulks
  A great orb of eyes (shapeshifter) (Vaults:4)
  10 boulder beetles
  Harold (D:10)
  8 ice dragons
  A rakshasa (Depths:3)
  3 catoblepae
  4 ironbound frosthearts
  9 spriggan air magi
  A peacekeeper (Vaults:4)
  3 ghost crabs
  20 naga warriors
  5 ogre magi
  A monstrous demonspawn (Depths:3)
  Erica (Orc:1)
  12 anacondas
  17 centaur warriors
  An alligator (Swamp:4)
  2 death knights
  11 two-headed ogres
  22 dancing weapons
  11 tengu warriors
  12 deep troll earth magi
  5 orc high priests (Orc:2)
  8 deep troll shamans
  2 vampire magi
  3 ironbound beastmasters
  15 naga sharpshooters
  12 death yaks
  15 spriggan berserkers
  14 shock serpents
  Sonja (D:10)
  8 hell knights
  A shadow wraith (Vaults:3)
  20 deep elf knights
  8 spriggans
  10 iron trolls
  A skeletal warrior (D:12)
  A sea snake (shapeshifter) (Depths:3)
  A sea snake (Snake:3)
  A glowing orange brain (shapeshifter) (D:12)
  A deep troll (shapeshifter) (Depths:2)
  34 deep trolls
  8 naga ritualists
  A swamp dragon (shapeshifter) (Depths:4)
  8 swamp dragons (Swamp:4)
  4 spriggan druids
  3 glowing orange brains
  7 orc knights
  15 deep elf archers
  5 salamander mystics
  2 flayed ghosts
  3 lindwurms
  14 ironbound convokers
  8 mana vipers
  11 wizards
  3 phantasmal warriors
  6 necromancers
  32 deep elf zephyrmancers
  6 harpies (Vaults:2)
  5 will-o-the-wisps
  30 ugly things
  9 orc sorcerers
  5 cyclopes
  A shining eye (shapeshifter) (Vaults:4)
  3 manticores
  28 deep elf pyromancers
  27 salamanders
  11 vault sentinels
  5 eyes of devastation
  6 guardian serpents
  28 naga magi
  8 elephants (Lair:6)
  2 gargoyles
  11 moths of wrath
  A torpor snail (Lair:6)
  40 black mambas
  27 cane toads
  A cane toad (shapeshifter) (Elf:2)
  An ice statue (IceCv)
  5 kobold demonologists
  5 rime drakes
  2 anaconda simulacra (IceCv)
  7 freezing wraiths
  Psyche (D:9)
  18 komodo dragons
  2 efreet (D:14)
  8 yaktaurs
  9 tengu conjurers
  7 ice devils
  2 polar bears
  2 golden dragon simulacra (IceCv)
  13 tyrant leeches
  6 meliai
  5 trolls
  A wolf spider simulacrum (D:15)
  8 hornets
  A wind drake (shapeshifter) (D:15)
  Grinder (D:4)
  65 slime creatures
  18 blink frogs
  A redback (Vaults:2)
  A wraith (D:9)
  4 dire elephant simulacra (IceCv)
  4 air elementals
  7 wyverns
  A yak (shapeshifter) (Elf:2)
  2 water elementals (Elf:2)
  A fire bat (shapeshifter) (Depths:2)
  14 yaks
  17 fire elementals (Zot:3)
  2 basilisks
  A neqoxec (Depths:4)
  11 vampire mosquitoes
  5 harpy simulacra (IceCv)
  7 swamp worms
  63 nagas
  3 wargs
  2 two-headed ogre zombies (D:9)
  3 floating eyes
  An acid dragon (D:12)
  Duvessa (D:7)
  21 water moccasins
  2 hydra simulacra (IceCv)
  5 swamp drakes (Swamp:4)
  2 black bears
  39 orc warriors
  4 ettin simulacra (IceCv)
  3 necrophages
  11 boggarts
  9 ogres
  13 wolves
  A phantom (D:9)
  5 centaurs
  11 kobold brigands
  7 earth elementals
  22 bullfrogs
  A wyvern zombie (D:6)
  3 scorpions
  Dowan (D:7)
  A troll zombie (D:9)
  9 killer bees
  2 electric eels (Elf:2)
  9 howler monkeys
  2 bullfrog zombies
  2 centaur zombies
  A draconian simulacrum (IceCv)
  3 hounds
  31 orc priests
  5 jellies
  A centaur skeleton (D:4)
  A scorpion zombie (D:5)
  16 orc wizards
  A spriggan simulacrum (IceCv)
  4 troll simulacra (IceCv)
  A polar bear simulacrum (IceCv)
  A killer bee zombie (D:7)
  A wolf simulacrum (IceCv)
  4 centaur simulacra (IceCv)
  5 ogre zombies (D:9)
  A howler monkey zombie (D:8)
  3 gnolls (D:5)
  11 adders
  2 ogre simulacra (IceCv)
  A river rat (Sewer)
  2 shadow imps (D:6)
  7 white imps
  11 ufetubi
  An adder skeleton (D:4)
  A worm (Sewer)
  6 dart slugs
  82 orcs
  10 ball pythons
  8 bats
  5 endoplasms
  5 giant cockroaches
  6 goblins
  11 hobgoblins
  An iguana (D:7)
  8 jackals
  32 kobolds
  A quokka (D:2)
  6 frilled lizards
  A goblin skeleton (D:9)
  5 goblin zombies (D:9)
  2 hobgoblin skeletons (D:9)
  3 hobgoblin zombies (D:9)
  2 orc skeletons (D:9)
  12 orc zombies (D:9)
  10 rats
  A block of ice (Zot:5)
1980 creatures vanquished.

Vanquished Creatures (collateral kills)
  the Royal Jelly (Slime:5)
  An orb of fire (Zot:3)
  A juggernaut (Depths:3)
  Sojobo (D:15)
  The ghost of Yjydghau the Fencer, an adept DsGl of Trog (Depths:2)
  A tentacled monstrosity (Swamp:4)
  Asterion (D:15)
  3 acid blobs (Slime:5)
  A storm dragon (Zot:2)
  An azure jelly (Slime:5)
  A rockslime (Slime:1)
  2 fire giants (Depths:4)
  A draconian knight (Depths:5)
  A deep elf elementalist (Elf:3)
  5 vault wardens
  2 war gargoyles
  The ghost of Terrapin the Spry, an adept SpEn of Okawaru (Elf:3)
  3 quicksilver oozes
  3 ironbound preservers
  An entropy weaver (Vaults:2)
  A white draconian (Depths:5)
  A black draconian (Depths:5)
  2 dire elephants (Vaults:2)
  A purple draconian (Depths:5)
  A yellow draconian (Depths:5)
  2 spark wasps (Depths:4)
  A crystal guardian (Vaults:4)
  3 deep elf death magi (Elf:3)
  An ettin (Depths:4)
  2 fire dragons
  A rakshasa (Depths:4)
  3 ironbound thunderhulks
  An ice dragon (Depths:1)
  2 shambling mangroves (Swamp:4)
  4 vault guards (Vaults:4)
  3 great orbs of eyes
  A yaktaur captain (Depths:5)
  2 ironbound frosthearts
  A peacekeeper (Vaults:3)
  2 hydras (Swamp:4)
  A death knight (Vaults:3)
  A dancing weapon (Elf:3)
  3 centaur warriors (Vaults:3)
  A tengu warrior (Depths:1)
  An ironbound beastmaster (Vaults:2)
  2 spriggans (Depths:4)
  A spriggan berserker (Depths:4)
  A deep elf archer (Elf:3)
  A glowing orange brain (Depths:1)
  3 swamp dragons (Swamp:4)
  15 deep trolls
  A naga ritualist (Snake:4)
  An ironbound convoker (Vaults:3)
  2 lindwurms (Vaults:2)
  3 wizards
  2 deep elf zephyrmancers (Elf:3)
  A harpy (Vaults:2)
  An orc knight (Vaults:3)
  6 shining eyes
  A will-o-the-wisp (Swamp:4)
  11 ugly things
  3 vault sentinels (Vaults:2)
  2 naga magi (Snake:4)
  An eye of devastation (Slime:4)
  3 yaktaurs (Vaults:1)
  6 hornets
  15 slime creatures
  2 redbacks (Vaults:2)
  A swamp drake (Swamp:4)
159 creatures vanquished.

Vanquished Creatures (others)
  A lich (Depths:3)
  61 eldritch tentacles
  A vampire knight (Depths:3)
  A deep elf knight (Elf:2)
  3 deep elf pyromancers
  2 deep elf zephyrmancers
  A hornet (Swamp:4)
  A spriggan (Swamp:4)
  An orc wizard (Orc:2)
  79 blocks of ice
  A bush (Lair:6)
  2 demonic plants (Gauntlet)
  19 foxfires
  56 fungi
  205 plants
434 creatures vanquished.

Grand Total: 2573 creatures vanquished

Notes
Turn   | Place    | Note
-------+----------+-------------------------------------------
     0 | D:1      | Forgeling the Djinni Wanderer began the quest for the Orb.
     0 | D:1      | Reached XP level 1. HP: 15/15 MP: 0/0
    95 | D:1      | Reached XP level 2. HP: 21/21 MP: 0/0
   723 | D:1      | Reached XP level 3. HP: 21/25 MP: 0/0
   723 | D:1      | Learned a level 1 spell: Shock
  1078 | D:1      | Found a faded altar of an unknown god.
  1789 | D:2      | Reached XP level 4. HP: 27/31 MP: 0/0
  1909 | D:2      | Reached skill level 5 in Spellcasting
  2187 | D:3      | Found a shadowy altar of Dithmenos.
  2341 | D:3      | Found an iron altar of Okawaru.
  2474 | D:3      | Found a glowing drain.
  2541 | Sewer    | Entered a sewer
  2788 | Sewer    | Reached XP level 5. HP: 28/35 MP: 0/0
  2788 | Sewer    | Learned a level 2 spell: Corpse Rot
  3260 | Sewer    | Noticed a kobold brigand
  3283 | Sewer    | Killed a kobold brigand
  3284 | Sewer    | Reached skill level 6 in Spellcasting
  3284 | Sewer    | Reached skill level 1 in Fighting
  4025 | D:3      | Reached XP level 6. HP: 41/42 MP: 0/0
  4462 | D:4      | Noticed Grinder
  4861 | D:5      | Entered Level 5 of the Dungeon
  4879 | D:5      | Reached XP level 7. HP: 49/52 MP: 0/0
  4879 | D:5      | Learned a level 2 spell: Poisonous Vapours
  4897 | D:5      | Reached skill level 5 in Fighting
  5468 | D:4      | Found Ixzef's General Store.
  5618 | D:4      | Reached XP level 8. HP: 45/61 MP: 0/0
  6092 | D:5      | Found Hoivvohi's General Store.
  6100 | D:5      | Bought a potion of heal wounds for 50 gold pieces
  6689 | D:6      | Reached skill level 7 in Spellcasting
  6996 | D:6      | Found a staircase to the Ecumenical Temple.
  7007 | Temple   | Entered the Ecumenical Temple
  7302 | Temple   | Became a worshipper of Ashenzari the Shackled
  7755 | D:6      | Found a burning altar of Makhleb.
  7760 | D:6      | Found a glowing silver altar of Zin.
  7760 | D:6      | Noticed a green death
  7760 | D:6      | Noticed an angel
  8080 | D:7      | Noticed Duvessa
  8080 | D:7      | Noticed Dowan
  8096 | D:7      | Reached XP level 9. HP: 46/71 MP: 0/0
  8096 | D:7      | Learned a level 3 spell: Dazzling Flash
  8099 | D:7      | Killed Duvessa
  8103 | D:7      | Killed Dowan
  8205 | D:7      | Found a flagged portal.
  8342 | Bailey   | Entered a bailey
  9739 | Bailey   | Reached skill level 8 in Spellcasting
  9843 | Bailey   | Identified the amulet of Xom's Fair Game {RegenMP rElec
                  | Str-5 Int+5}
  9846 | Bailey   | Noticed an orc knight
  9847 | Bailey   | Identified a scroll of acquirement
 10053 | Bailey   | Killed an orc knight
 10327 | Bailey   | Acquired a +6 ring of intelligence
 10447 | D:7      | Found a shimmering altar of Xom.
 10664 | D:7      | Reached * piety under Ashenzari
 10756 | D:7      | Reached skill level 10 in Fighting
 10893 | D:7      | Noticed a hornet
 10901 | D:7      | Killed a hornet
 10902 | D:7      | Reached XP level 10. HP: 57/82 MP: 0/0
 11278 | D:7      | Reached skill level 9 in Spellcasting
 11437 | D:7      | Found an ornate altar of the Wu Jian Council.
 11439 | D:7      | Found a hide-covered altar of Uskayaw.
 11442 | D:7      | Found a bloodstained altar of Trog.
 11583 | D:8      | Noticed a death knight
 12209 | D:8      | Found Juurah's Armour Shoppe.
 12228 | D:8      | Found a glowing golden altar of the Shining One.
 12252 | D:8      | Reached ** piety under Ashenzari
 14006 | D:9      | Found a staircase to the Orcish Mines.
 14066 | D:9      | Noticed Psyche
 14105 | D:9      | Identified the cursed +1 morningstar "Share My Fetters"
                  | {flame, Evo, Fort} (You took it off a gnoll on level 5 of
                  | the Dungeon)
 14105 | D:9      | Identified the cursed +0 leather armour "Per Aspera Ad
                  | Scientiam" {Range, Fort} (You took it off an orc on level 6
                  | of the Dungeon)
 14105 | D:9      | Identified the cursed ring of Curses and Power {EV+4, Self,
                  | Fort} (You found it on level 5 of the Dungeon)
 14128 | D:9      | Killed Psyche
 14500 | D:9      | Reached *** piety under Ashenzari
 14785 | D:9      | Noticed Erolcha
 14999 | D:4      | Paralysed by Grinder for 3 turns
 15004 | D:4      | Killed Grinder
 15826 | D:10     | Entered Level 10 of the Dungeon
 16234 | D:10     | Found a staircase to the Lair.
 16276 | D:10     | Noticed Harold
 16302 | D:10     | Killed Harold
 16466 | D:10     | Reached XP level 11. HP: 64/92 MP: 0/0
 16466 | D:10     | Learned a level 5 spell: Metabolic Englaciation
 16634 | D:10     | Noticed Sonja
 16649 | D:10     | Killed Sonja
 17455 | Lair:1   | Entered Level 1 of the Lair of Beasts
 17487 | Lair:1   | Noticed a six-headed hydra
 17499 | Lair:1   | Reached skill level 1 in Evocations
 17522 | Lair:1   | Killed a six-headed hydra
 17698 | Lair:1   | Noticed a four-headed hydra
 17726 | Lair:1   | Killed a four-headed hydra
 17910 | Lair:1   | Reached skill level 5 in Evocations
 18844 | Lair:1   | Acquired the +2 hat of the Tundras {Dex+5}
 18856 | Lair:1   | Reached **** piety under Ashenzari
 18884 | Lair:1   | Noticed a six-headed hydra
 18899 | Lair:1   | Killed a six-headed hydra
 19123 | Lair:1   | Reached skill level 5 in Dodging
 19791 | Lair:2   | Reached XP level 12. HP: 61/101 MP: 0/0
 20777 | Lair:2   | Found a staircase to the Swamp.
 20937 | Lair:2   | Reached ***** piety under Ashenzari
 22445 | D:11     | Noticed a boulder beetle
 22496 | D:11     | Noticed a two-headed ogre
 22506 | D:11     | Killed a two-headed ogre
 22507 | D:11     | Reached skill level 5 in Stealth
 23026 | D:11     | Killed a boulder beetle
 23027 | D:11     | Reached skill level 1 in Armour
 24359 | Lair:3   | Found a staircase to the Snake Pit.
 24563 | Lair:4   | Found a gate leading to a gauntlet.
 24569 | Gauntlet | Entered a Gauntlet
 24569 | Gauntlet | Found a transporter.
 24577 | Gauntlet | Noticed a hell hog
 24578 | Gauntlet | Found a transporter.
 24593 | Gauntlet | Found a transporter.
 24594 | Gauntlet | Identified the +2 hat of Courage {rCorr Str-4 Dex+6 Slay+6}
 24597 | Gauntlet | Found a transporter.
 24616 | Gauntlet | Found a transporter.
 24628 | Gauntlet | Identified the ring "Munnen" {rPois Int+2 Stlth+}
 24629 | Gauntlet | Found a transporter.
 24638 | Gauntlet | Found a large runed translucent door.
 24639 | Gauntlet | Found a large runed translucent door.
 24640 | Gauntlet | Found a large runed translucent door.
 24640 | Gauntlet | Noticed a ghost crab
 24641 | Gauntlet | Identified the ring of Eggoobra {rElec rC+ rCorr Dex+2}
 24641 | Gauntlet | Found a runed translucent gate.
 24642 | Gauntlet | Found a transporter.
 24642 | Gauntlet | Found a runed translucent gate.
 24643 | Gauntlet | Found a runed translucent gate.
 24645 | Gauntlet | Found a large runed translucent door.
 24646 | Gauntlet | Found a large runed translucent door.
 24655 | Gauntlet | Found a large runed translucent door.
 24656 | Gauntlet | Found a large runed translucent door.
 24657 | Gauntlet | Found a large runed translucent door.
 24657 | Gauntlet | Found a large runed translucent door.
 24657 | Gauntlet | Found a runed translucent door.
 24658 | Gauntlet | Found a large runed translucent door.
 24659 | Gauntlet | Found a large runed translucent door.
 24666 | Gauntlet | Found a transporter.
 24666 | Gauntlet | Found a transporter.
 24667 | Gauntlet | Identified the +0 cloak of Boiling Hail {+Blink +Inv rPois
                  | rC-}
 24670 | Gauntlet | Noticed a green death
 24673 | Gauntlet | Found a transporter.
 24697 | Gauntlet | Identified the ring of Puteato Otz {Will+ MP+9 Dex+4}
 24697 | Gauntlet | Noticed a hell hog
 24698 | Gauntlet | Found a large runed translucent door.
 24699 | Gauntlet | Found a large runed translucent door.
 24700 | Gauntlet | Found a large runed translucent door.
 24700 | Gauntlet | Found a large runed translucent door.
 24700 | Gauntlet | Found a runed translucent door.
 24701 | Gauntlet | Found a large runed translucent door.
 24703 | Gauntlet | Found a transporter.
 24703 | Gauntlet | Found a transporter.
 24723 | Gauntlet | Noticed a reaper
 24825 | Gauntlet | Killed a ghost crab
 24985 | Gauntlet | Identified the amulet "Maawischu" {Reflect Will++ Str+5
                  | Dex-4 SH+5}
 24985 | Gauntlet | Noticed a minotaur
 25032 | Gauntlet | Killed a minotaur
 25033 | Gauntlet | Reached skill level 5 in Maces & Flails
 25033 | Gauntlet | Reached XP level 13. HP: 109/109 MP: 0/0
 25033 | Gauntlet | Learned a level 5 spell: Iskenderun's Battlesphere
 25063 | Lair:4   | Reached ****** piety under Ashenzari
 25239 | Lair:4   | Reached skill level 1 in Shields
 25351 | Lair:4   | Found a white marble altar of Elyvilon.
 25980 | Lair:5   | Reached skill level 5 in Shields
 26709 | Lair:5   | Noticed Nessos
 26713 | Lair:5   | Killed Nessos
 27460 | Lair:4   | Reached skill level 5 in Armour
 28395 | Lair:6   | Entered Level 6 of the Lair of Beasts
 28962 | Lair:5   | Reached XP level 14. HP: 99/116 MP: 0/0
 29750 | Lair:6   | Reached skill level 10 in Shields
 30262 | Lair:6   | Identified the +9 morningstar "Kugaugrep" {venom, Stlth+}
 31358 | Lair:6   | Found a staircase to the Slime Pits.
 32551 | D:9      | Killed Erolcha
 32656 | D:11     | Reached XP level 15. HP: 111/124 MP: 0/0
 32656 | D:11     | Learned a level 6 spell: Iron Shot
 33812 | D:12     | Found a transporter.
 34238 | D:12     | Reached skill level 10 in Dodging
 34325 | D:12     | Noticed a sphinx
 34331 | D:12     | Found a transporter.
 34341 | D:12     | Identified the ring of Nesewn {Fly rCorr Str-3 SInv Stlth+}
 35286 | D:12     | Killed a sphinx
 35699 | Orc:1    | Entered Level 1 of the Orcish Mines
 35708 | Orc:1    | Noticed Erica
 35713 | Orc:1    | Killed Erica
 35983 | Orc:2    | Entered Level 2 of the Orcish Mines
 36591 | Orc:2    | Found a staircase to the Elven Halls.
 36748 | Orc:2    | Noticed an orc warlord
 37060 | Orc:2    | Killed an orc warlord
 37820 | Orc:1    | Found Xekeuz's Weapon Boutique.
 39192 | Orc:2    | Noticed an orc warlord
 40415 | Orc:2    | Reached XP level 16. HP: 126/132 MP: 0/0
 40435 | Orc:2    | Found Qunwiutiz's Book Shoppe.
 40436 | Orc:2    | Found Raqewk's General Store.
 40441 | Orc:2    | Found Asobufupy's Antique Armour Emporium.
 40442 | Orc:2    | Found Cuom's Antique Weapon Emporium.
 41330 | D:13     | Reached skill level 10 in Armour
 41716 | D:13     | Found a gate to the Vaults.
 41757 | D:13     | Found a glowing silver altar of Zin.
 41757 | D:13     | Found Zin's Purification Station.
 42518 | D:14     | Noticed Louise
 42553 | D:14     | Killed Louise
 42560 | D:14     | Noticed Jorgrun
 42571 | D:14     | Killed Jorgrun
 43297 | D:15     | Entered Level 15 of the Dungeon
 43418 | D:15     | Found a staircase to the Depths.
 43685 | D:15     | Found a sparkling altar of Nemelex Xobeh.
 44584 | Snake:1  | Entered Level 1 of the Snake Pit
 44619 | Snake:1  | Found Awasucu's Book Shoppe.
 44629 | Snake:1  | Reached skill level 10 in Spellcasting
 44754 | Snake:1  | Reached XP level 17. HP: 137/143 MP: 0/0
 44754 | Snake:1  | Learned a level 7 spell: Malign Gateway
 45266 | Snake:1  | Reached skill level 11 in Spellcasting
 45412 | Snake:1  | Found Cuclesom's Jewellery Boutique.
 45412 | Snake:1  | Found Duishoisk's Jewellery Boutique.
 46038 | Snake:2  | Found a frozen archway.
 46195 | IceCv    | Entered an ice cave
 47854 | IceCv    | Noticed an Ice Fiend
 48062 | IceCv    | Killed an Ice Fiend
 48220 | Snake:2  | Reached skill level 15 in Fighting
 48494 | Snake:2  | Identified the ring of Ashenzari's Reproof {rF+ Will+ MP+9
                  | Str+2}
 49547 | Snake:2  | Acquired the amulet "Biexzaci" {Acrobat Drain Fly Will++
                  | Dex+4}
 49573 | Snake:3  | Reached skill level 10 in Evocations
 50848 | Snake:3  | Reached XP level 18. HP: 139/151 MP: 0/0
 51124 | Snake:3  | Noticed Roxanne
 51485 | Snake:3  | Killed Roxanne
 52070 | Snake:3  | Reached skill level 12 in Spellcasting
 52295 | Snake:4  | Entered Level 4 of the Snake Pit
 53831 | Snake:4  | Reached skill level 13 in Spellcasting
 56182 | Snake:4  | Reached XP level 19. HP: 142/158 MP: 0/0
 56182 | Snake:4  | Learned a level 7 spell: Haunt
 56386 | Snake:4  | Reached skill level 14 in Spellcasting
 57061 | Snake:4  | Got a serpentine rune of Zot
 57307 | Swamp:1  | Entered Level 1 of the Swamp
 57524 | Swamp:1  | Identified the +6 scale mail of Ucoafa {*Corrode Will+
                  | MP+9}
 57719 | Swamp:4  | Entered Level 4 of the Swamp
 59335 | Swamp:4  | Noticed a tentacled monstrosity
 59356 | Swamp:4  | Killed a tentacled monstrosity
 59551 | Swamp:4  | Got a decaying rune of Zot
 59899 | Vaults:1 | Entered Level 1 of the Vaults
 61867 | Vaults:1 | Found Doynaudiror's Weapon Shop.
 62331 | Vaults:2 | Reached XP level 20. HP: 149/166 MP: 0/0
 64092 | Vaults:3 | Found Wumpeman's Antique Weapon Boutique.
 64392 | Vaults:3 | Identified the +4 glaive of Duwaosuy {drain, rF+ Dex+4}
 64495 | Vaults:3 | Found a staircase to the Crypt.
 65756 | Vaults:3 | Reached skill level 15 in Dodging
 67406 | Vaults:4 | Found Keaxt's Magic Scroll Emporium.
 67705 | Vaults:4 | Reached XP level 21. HP: 160/171 MP: 0/0
 67705 | Vaults:4 | Learned a level 8 spell: Borgnjor's Revivification
 68250 | Vaults:4 | Reached skill level 15 in Spellcasting
 68842 | Vaults:4 | Identified the +8 chain mail of Responsibility {Str+4 SInv}
 69507 | Elf:1    | Entered Level 1 of the Elven Halls
 69792 | Elf:1    | Found Onuraogiej's Book Shop.
 69818 | Elf:1    | Bought a manual of Armour for 1766 gold pieces
 69960 | Elf:1    | Identified the Handbook of Attacks
 70568 | Elf:2    | Found Xushrot's Book Emporium.
 70793 | Elf:2    | Found a huge runed gate.
 70793 | Elf:2    | Found a huge runed gate.
 70793 | Elf:2    | Found a huge runed gate.
 70800 | Elf:2    | Found a huge runed gate.
 70800 | Elf:2    | Found a huge runed gate.
 70800 | Elf:2    | Found a huge runed gate.
 70800 | Elf:2    | Found a huge runed gate.
 70807 | Elf:2    | Found a huge runed gate.
 70809 | Elf:2    | Found a huge runed gate.
 70809 | Elf:2    | Found a huge runed gate.
 70811 | Elf:2    | Found a huge runed gate.
 70818 | Elf:2    | Found a huge runed gate.
 70839 | Elf:2    | Reached skill level 15 in Armour
 70981 | Elf:2    | Found a huge runed gate.
 70981 | Elf:2    | Found a huge runed gate.
 70982 | Elf:2    | Found a huge runed gate.
 70984 | Elf:2    | Found a huge runed gate.
 70984 | Elf:2    | Found a huge runed gate.
 70985 | Elf:2    | Found a huge runed gate.
 70986 | Elf:2    | Found a huge runed gate.
 70986 | Elf:2    | Found a huge runed gate.
 71298 | Elf:2    | Found a huge runed translucent gate.
 71298 | Elf:2    | Found a huge runed translucent gate.
 71298 | Elf:2    | Found a huge runed translucent gate.
 71298 | Elf:2    | Found a huge runed translucent gate.
 71299 | Elf:2    | Found a huge runed translucent gate.
 71341 | Elf:2    | Found a huge runed gate.
 71341 | Elf:2    | Found a huge runed gate.
 71343 | Elf:2    | Found a huge runed gate.
 71343 | Elf:2    | Found a huge runed gate.
 71344 | Elf:2    | Found a huge runed gate.
 71344 | Elf:2    | Found a huge runed gate.
 71345 | Elf:2    | Found a huge runed gate.
 71345 | Elf:2    | Found a huge runed gate.
 71345 | Elf:2    | Found a huge runed gate.
 71346 | Elf:2    | Found a huge runed gate.
 71347 | Elf:2    | Found a huge runed gate.
 71348 | Elf:2    | Found a huge runed gate.
 71351 | Elf:2    | Found a huge runed gate.
 71351 | Elf:2    | Found a huge runed gate.
 71351 | Elf:2    | Found a huge runed gate.
 72671 | Elf:2    | Reached XP level 22. HP: 163/180 MP: 0/0
 73051 | Elf:3    | Entered Level 3 of the Elven Halls
 73111 | Elf:3    | Identified the +6 dagger of Gamor {antimagic, +Inv rPois
                  | Int-3}
 73360 | Elf:3    | Found Peetismumn's Jewellery Boutique.
 73376 | Elf:3    | Identified the Collected Works on Igneous Shape Shifting
 73708 | Elf:3    | Noticed a golden dragon
 73719 | Elf:3    | Killed a golden dragon
 73728 | Elf:3    | Noticed Terrapin's ghost (adept SpEn)
 73729 | Elf:3    | Found a runed translucent gate.
 73729 | Elf:3    | Found a runed translucent gate.
 73729 | Elf:3    | Found a runed translucent gate.
 73729 | Elf:3    | Noticed Lobster4's ghost (adept HOFi)
 73840 | Elf:2    | Killed Lobster4's ghost
 73862 | Elf:3    | Killed Terrapin's ghost
 73989 | Elf:3    | Found Urhoh's Weapon Boutique.
 74331 | Elf:3    | Identified the +8 arbalest of the Skies Above {vorpal,
                  | Str+3}
 74332 | Elf:3    | Found the +6 arbalest "Damnation" {damnation}
 74771 | Elf:3    | Identified the +0 leather armour "Zeahua" {rElec Int+3}
 74771 | Elf:3    | Identified the ring "Losuamau" {Fire rElec Will+ Str+4}
 74778 | Elf:3    | Identified the Papyrus of Transmutation
 75436 | Elf:3    | Identified the Incunabulum of the Glacial Oath
 75448 | Elf:3    | Reached skill level 16 in Spellcasting
 75499 | Elf:3    | Identified Ciahypn's Introduction to Magic
 75885 | Depths:1 | Entered Level 1 of the Depths
 75888 | Depths:1 | Noticed Asterion
 75892 | Depths:1 | Noticed Sojobo
 75904 | D:15     | Killed Asterion
 76366 | D:15     | Killed Sojobo
 77257 | Depths:1 | Reached skill level 15 in Shields
 78331 | Depths:1 | Reached XP level 23. HP: 138/185 MP: 0/0
 78331 | Depths:1 | Learned a level 7 spell: Monstrous Menagerie
 78663 | Vaults:4 | Bought a scroll of enchant armour for 165 gold pieces
 78663 | Vaults:4 | Bought a scroll of enchant armour for 165 gold pieces
 78973 | Depths:1 | Noticed the Enchantress
 78993 | Depths:1 | Killed the Enchantress
 79302 | Depths:1 | Found Nesycig's General Store.
 79302 | Depths:1 | Found Omeom's Magic Scroll Emporium.
 79306 | Depths:1 | Found Var Soy's Magic Scroll Shoppe.
 79310 | Depths:1 | Bought a scroll of enchant weapon for 82 gold pieces
 79314 | Depths:1 | Bought a scroll of enchant armour for 127 gold pieces
 79323 | Depths:1 | Bought a scroll of brand weapon for 340 gold pieces
 79338 | Depths:1 | Found a gateway to Hell.
 80277 | Depths:2 | Reached skill level 17 in Spellcasting
 80294 | Depths:2 | Noticed Yjydghau's ghost (adept DsGl)
 80314 | Depths:2 | Found a transporter.
 80761 | Depths:2 | Noticed a juggernaut
 80790 | Depths:2 | Killed a juggernaut
 81263 | Depths:2 | Noticed a juggernaut
 81270 | Depths:2 | Killed a juggernaut
 81418 | Depths:2 | Identified the amulet of Fanaticism {Fragile +Blink rC+
                  | Regen+}
 81835 | Depths:2 | Identified the +9 war axe of Toothy Integrity {freeze, rN++
                  | Stlth+}
 82120 | Depths:2 | Found a transporter.
 82125 | Depths:2 | Found a one-way gate to the infinite horrors of the Abyss.
 83033 | Depths:2 | Killed Yjydghau's ghost
 84408 | Depths:3 | Found a one-way gate leading to the halls of Pandemonium.
 84410 | Depths:3 | Found a bloodstained altar of Trog.
 84431 | Depths:3 | Reached XP level 24. HP: 150/192 MP: 0/0
 84686 | Depths:3 | Found a shadowy altar of Dithmenos.
 84687 | Depths:3 | Found a sparkling altar of Nemelex Xobeh.
 85504 | Depths:3 | Noticed a juggernaut
 85514 | Depths:3 | Killed a juggernaut
 85719 | Depths:3 | Reached skill level 10 in Maces & Flails
 87633 | Depths:3 | Noticed a dread lich
 87645 | Depths:3 | Killed a dread lich
 88120 | Depths:4 | Found Tiguom's Book Shoppe.
 88120 | Depths:4 | Found Huxetz's Antique Weapon Emporium.
 88296 | Depths:4 | Reached XP level 25. HP: 197/204 MP: 0/0
 88296 | Depths:4 | Learned a level 9 spell: Death's Door
 88514 | Depths:4 | Found a gateway to a ziggurat.
 88613 | Depths:4 | Identified the +7 hand axe "Lefer" {pain, Str+3 Int+2}
 88641 | Depths:4 | Noticed a juggernaut
 88646 | Depths:4 | Noticed a juggernaut
 88658 | Depths:3 | Killed a juggernaut
 88959 | Depths:4 | Killed a juggernaut
 89348 | Depths:4 | Found the +8 glaive of the Guard {elec, spectral, AC+5}
 90011 | Depths:4 | Acquired 776 gold pieces
 90013 | Depths:4 | Acquired a manual of Evocations
 90033 | Depths:5 | Entered Level 5 of the Depths
 90847 | Depths:5 | Found a sacrificial altar of Ru.
 90913 | Depths:5 | Reached skill level 15 in Evocations
 91413 | Depths:5 | Found a gate to the Realm of Zot.
 92564 | Elf:2    | Bought a manual of Armour for 2318 gold pieces
 92800 | Slime:1  | Entered Level 1 of the Pits of Slime
 92876 | Slime:5  | Entered Level 5 of the Pits of Slime
 92915 | Slime:5  | Reached XP level 26. HP: 102/214 MP: 0/0
 93209 | Slime:5  | Gained mutation: You are occasionally teleported next to
                  | monsters. [a shining eye]
 93368 | Slime:4  | Gained mutation: You tend to lose your temper in combat. [a
                  | shining eye]
 93378 | Slime:4  | Lost mutation: You tend to lose your temper in combat.
                  | [potion of mutation]
 93378 | Slime:4  | Lost mutation: You are occasionally teleported next to
                  | monsters. [potion of mutation]
 93378 | Slime:4  | Gained mutation: Potions are less effective at restoring
                  | your health. [potion of mutation]
 93378 | Slime:4  | Gained mutation: Your flesh is almost immune to the effects
                  | of heat. (rF+++) [potion of mutation]
 93987 | Slime:5  | Noticed the Royal Jelly
 94000 | Slime:5  | Killed the Royal Jelly
 94339 | Slime:5  | Identified the amulet "Quxzaqyu" {Faith Int+4}
 94341 | Slime:5  | Identified the Incunabulum of the Dislocated Escort
 94342 | Slime:5  | Identified the +1 plate armour "Uskida Detu" {Harm Will+}
 94343 | Slime:5  | Identified the ring "Aberph" {rElec rPois rF+ MP+9 Stlth-}
 94344 | Slime:5  | Identified the +6 scale mail of Kunie {Int+3}
 94346 | Slime:5  | Identified the ring of the Sparrow {rF+ Dex+7}
 94355 | Slime:5  | Identified the +5 great sword of Imminent Death {antimagic,
                  | +Inv Str+4}
 94423 | Slime:5  | Got a slimy rune of Zot
 94482 | Slime:5  | Gained mutation: You are dopey. (Int -2) [a shining eye]
 94940 | Zot:1    | Entered Level 1 of the Realm of Zot
 95964 | Zot:3    | Reached skill level 10 in Stealth
 96677 | Zot:3    | Noticed an orb of fire
 96962 | Zot:3    | Killed an orb of fire
 97854 | Zot:5    | Entered Level 5 of the Realm of Zot
 98831 | Zot:5    | Reached XP level 27. HP: 226/226 MP: 0/0
 98831 | Zot:5    | Learned a level 9 spell: Absolute Zero
 99060 | Zot:5    | Noticed an orb of fire
 99061 | Zot:5    | Killed an orb of fire
 99304 | Zot:5    | Noticed an ancient lich
 99313 | Zot:5    | Killed an ancient lich
 99314 | Zot:5    | Reached skill level 18 in Spellcasting
 99613 | Zot:5    | Noticed a dread lich
 99615 | Zot:5    | Noticed an orb of fire
 99617 | Zot:5    | Killed an orb of fire
 99620 | Zot:5    | Killed a dread lich
 99630 | Zot:5    | Reached skill level 19 in Spellcasting
 99960 | Zot:5    | Noticed a dread lich
 99962 | Zot:5    | Killed a dread lich
 99965 | Zot:5    | Noticed a dread lich
 99970 | Zot:5    | Killed a dread lich
 99974 | Zot:5    | Reached skill level 20 in Spellcasting
101282 | Zot:3    | Noticed an orb of fire
101376 | Zot:5    | Got the Orb of Zot
101607 | Depths:3 | Reached skill level 21 in Spellcasting
102007 | D:$      | Escaped with the Orb!

Illustrated notes

Levels and vault maps discovered:
D:1:      elethiomel_arrival_shortcut, layout_basic,
          ebering_ecumenical_altar_hall, hangedman_abyss_or_decor_lesser_grid,
          minmay_misc_feat_four_crosses
D:2:      layout_loops_ring, basic_altar, chequers_decorated_corner
D:3:      layout_loops_corners, lemuel_doored_altar,
          nicolae_dithmenos_shadow_blocks, serial_forest,
          infiniplex_forest_end_1, infiniplex_forest_lined_3_way,
          infiniplex_forest_zigzag_1, infiniplex_forest_end_3,
          portal_sewer_entry_d
D:4:      layout_basic, vehumet_altar_wand_db, serial_shops, shop, uniq_grinder
D:5:      layout_basic, serial_shops, nicolae_shop_stone
D:6:      layout_loops_ring, grunt_temple_overflow_order_and_chaos_2,
          minmay_temple_entry_junction_2
D:7:      layout_basic, dk_xom_monty_hall, grunt_temple_overflow_diamond,
          enter_bailey_2, nicolae_underground_beach, uniq_duvessa
D:8:      layout_basic, tso_altar, serial_shops,
          nicolae_shop_temple_entry_statues_fountains
D:9:      layout_loops_ring, zombieorc2_lemuel, uniq_erolcha, uniq_psyche
D:10:     layout_gridville, lair_entry_dummy, uniq_harold, uniq_sonja
D:11:     layout_basic, hex_intersection, minmay_misc_feat_ornament
D:12:     gammafunk_sealed_library, layout_irregular_city
D:13:     layout_loops_ring, hangedman_vaults_entry_quadrant_bands, zin_purify
D:14:     layout_loops_ring, minivault_27, uniq_louise, uniq_jorgrun
D:15:     hangedman_depths_entry_civil_slaughter, layout_loops_cross,
          nemelex_lonely_heart_becter, minmay_misc_feat_pillars,
          skrybe_limestone_x
Temple:   minmay_temple_bridge_abc
Lair:1:   layout_roguey
Lair:2:   layout_misc_corridors, swamp_mist_pool, st_stairs_9,
          grunt_megastairs_3, serial_bayou_shore_a
Lair:3:   layout_regular_city, minmay_snake_entry_six_corridors,
          lemuel_fruit_fields
Lair:4:   layout_big_grid, gauntlet_entry_generic, basic_altar
Lair:5:   layout_loops_ring, minivault_27, chequers_serial_rivers_room_b,
          uniq_nessos
Lair:6:   minmay_lair_end_frog_pond, layout_regular_city,
          minmay_slime_entry_pillars, serial_bayou_lagoon_a, wad_woods_road_01
Swamp:1:  layout_basic_swamp, nicolae_swamp_ascending_descending
Swamp:2:  layout_falls_marsh, nicolae_swamp_tree_isthmus, swamp_pool3,
          nicolae_swamp_triple_paths
Swamp:3:  layout_basic_swamp, evilmike_swamp_ruin_house_2, uniq_aizul
Swamp:4:  swamp_alternative, layout_basic_swamp
Snake:1:  layout_chambers, minmay_shop_grove, lemuel_fruit_tree,
          grunt_megastairs_5
Snake:2:  layout_onion, portal_ice_cave_entry_frozen_things, drop_trap
Snake:3:  layout_cave_pods, serial_bayou_pond_b, uniq_roxanne
Snake:4:  snake_pit, layout_misc_corridors, st_stairs_2
Slime:1:  layout_caves
Slime:2:  layout_caves, cheibrodos_slime_lost_civilization_7, uniq_dissolution
Slime:3:  layout_caves
Slime:4:  layout_caves, nicolae_slime_round_cave
Slime:5
Orc:1:    layout_caves, serial_shops, shop, nicolae_orc_bridge_out, uniq_erica
Orc:2:    st_orc_congregation, layout_caves
Elf:1:    eino_elf_arrival_altar, layout_geoelf_octagon, serial_shops, shop,
          minmay_elf_annihilation, nrook_mini_backslash
Elf:2:    layout_geoelf_diagonals, serial_shops, shop, minivault_4, door_vault
Elf:3:    elf_hall_gauntlet_wide, layout_onion_city, gammafunk_ghost_cemetery,
          serial_shops, shop, nicolae_shop_competitors_out_of_business,
          grunt_ministairs_11
Vaults:1: hangedman_vaults_river_flow, vaults_room_ringed_pool,
          vaults_room_corners, grunt_vaults_funnel, nicolae_vaults_triangles,
          nicolae_vaults_fighting_squares, v_misc_11, v_misc_23,
          hangedman_vaults_hat, layout_vaults_ring, serial_shops,
          nicolae_shop_waterfront
Vaults:2: nicolae_vaults_stairing_the_circle, nicolae_vaults_back_hallway,
          vaults_dpeg_ring, vaults_dpeg_doors, v_pattern_3, v_rooms_1,
          vaults_room_fancy_cross, nicolae_vaults_border_crossing,
          ontoclasm_vaults_gateway, nicolae_vaults_yaktaur_gun_rack,
          layout_vaults_chaotic_city
Vaults:3: hangedman_vaults_variations, ontoclasm_vaults_misaligned, v_misc_32,
          blue_anna_dwarven_crypt, v_misc_28, hangedman_vaults_pinch,
          ontoclasm_vaults_hangar, vaults_dpeg_encased_lava,
          nicolae_vaults_big_angled_halls, v_misc_26,
          ontoclasm_vaults_loading_screen, ontoclasm_vaults_hangar,
          grunt_vaults_hallway_short, layout_vaults_omnicross, serial_shops,
          shop
Vaults:4: nicolae_vaults_little_squares_4, dpeg_vaults_monster_box,
          vaults_room_grunt_arrival_checkpoint, v_pattern_2,
          nicolae_vaults_inception_scallops, nicolae_vaults_know_your_exits,
          hangedman_vaults_trim, v_alt_pattern_3,
          vaults_room_grunt_arrival_ludios, hangedman_vaults_locks,
          nicolae_vaults_circle_grid_b, layout_vaults_maze, serial_shops,
          nicolae_shop_competitors_out_of_business
Depths:1: layout_roguey, chequers_serial_rivers_room_b, hell_entry,
          hangedman_stitches_earthworm, kennysheep_random_hallway,
          minmay_shop_star, uniq_sojobo, uniq_enchantress, uniq_asterion
Depths:2: hangedman_cross_veins, layout_long_grid, gammafunk_ghost_arena,
          abyss_entry_crystal, hell_entry
Depths:3: hangedman_slaughterboxes, pan_entry, hell_entry
Depths:4: minmay_guarded_unrand_guard, layout_long_grid, enter_ziggurat_c,
          marbit_kobold_abyss_entry, hangedman_decor_riveting, hell_entry,
          minmay_shoptagon, infiniplex_staircase_squiggle
Depths:5: grunt_zot_entry_alcove, layout_honeycomb,
          nicolae_ru_the_path_less_chosen, rand_demon_pan_entry_9,
          nicolae_abyss_entry_one_way_or_another, grunt_hell_entry_dis_grunt,
          grunt_decor_mini_mirrors, item_on_display_a
Zot:1:    layout_gridlike
Zot:2:    circus_mu, layout_cathedral_of_symmetry, st_small_dragon_hoard_3
Zot:3:    lemuel_firehouse, layout_onion, grunt_megastairs_2
Zot:4:    kennysheep_spiral_hall, layout_concentric_octagons
Zot:5:    layout_gridlike

Skill      XL: |  1  2  3  4  5  6  7  8  9 10 11 12 13 14 15 16 17 18 19 20 21 22 23 24 25 26 27 |
---------------+----------------------------------------------------------------------------------+-----
Maces & Flails | 3 5 6 7 8 10 | 10.0
Spellcasting   | 5 6 7 8 9 10 11 13 14 15 16 17 21 | 21.0
Fighting       | 1 4 6 8 10 11 12 14 15 16 17 19 | 19.8
Throwing       | 4 |  4.4
Evocations     | 6 8 10 11 16 | 16.5
Dodging        | 6 8 9 11 13 16 17 | 17.1
Stealth        | 6 8 11 | 11.3
Armour         | 3 5 7 9 10 11 12 13 17 18 19 20 | 20.9
Shields        | 8 12 13 15 16 18 19 | 19.1

Action                   |  1- 3 |  4- 6 |  7- 9 | 10-12 | 13-15 | 16-18 | 19-21 | 22-24 | 25-27 || total
-------------------------+-------+-------+-------+-------+-------+-------+-------+-------+-------++-------
Melee: Mace              |    45 |       |       |       |       |       |       |       |       ||    45
       Morningstar       |       |       |    13 |   189 |   476 |   527 |  1074 |   299 |       ||  2578
       Eveningstar       |       |       |       |       |       |       |       |   510 |   795 ||  1305
Throw: Dart              |     2 |       |       |       |       |       |       |       |       ||     2
 Cast: Shock             |    40 |   137 |   198 |   307 |   102 |       |       |       |       ||   784
       Poisonous Vapours |       |       |    52 |   231 |   301 |    35 |    10 |       |       ||   629
       Metabolic Englaci |       |       |       |    35 |    79 |    30 |    29 |    20 |    10 ||   203
       Dazzling Flash    |       |       |       |     3 |       |     2 |       |       |       ||     5
       Wereblood         |       |       |       |     1 |       |       |       |       |       ||     1
       Iskenderun's Batt |       |       |       |       |     8 |       |       |       |       ||     8
       Corpse Rot        |       |       |       |       |     1 |       |       |       |       ||     1
       Iron Shot         |       |       |       |       |   225 |   444 |   252 |   353 |   193 ||  1467
       Malign Gateway    |       |       |       |       |       |       |    36 |    16 |     9 ||    61
       Haunt             |       |       |       |       |       |       |     1 |       |     9 ||    10
       Absolute Zero     |       |       |       |       |       |       |       |       |    82 ||    82
Invok: Curse Item        |       |       |     2 |     7 |     5 |       |       |       |     3 ||    17
       Shatter the Chain |       |       |       |     1 |     4 |       |       |     2 |     1 ||     8
Evoke: Wand              |       |       |     6 |    14 |       |     1 |     1 |     6 |     9 ||    37
       Condenser vane    |       |       |       |       |     2 |     2 |     2 |     4 |     4 ||    14
       Lightning rod     |       |       |       |       |     3 |       |     1 |     5 |       ||     9
       Tin of tremorston |       |       |       |       |       |       |       |     3 |     7 ||    10
  Use: Scroll            |       |     5 |     2 |     1 |     2 |     2 |     3 |    21 |     3 ||    39
       Potion            |       |       |       |     5 |       |       |     1 |       |     5 ||    11
 Stab: Paralysed         |       |       |       |     4 |       |       |     5 |       |     4 ||    13
       Sleeping          |       |       |       |     3 |     2 |    21 |    32 |    10 |    10 ||    78
       Distracted        |       |       |       |     1 |     1 |       |    12 |     5 |     4 ||    23
       Invisible         |       |       |       |     1 |       |     2 |       |       |       ||     3
       Petrified         |       |       |       |       |       |       |     3 |       |       ||     3
Armor: Robe              |    17 |     1 |     4 |       |       |       |       |       |       ||    22
       Leather armour    |       |       |     7 |    32 |       |       |       |       |       ||    39
       Skin              |       |       |       |     2 |       |       |       |       |       ||     2
       Ring mail         |       |       |       |    47 |    90 |   119 |   146 |    31 |       ||   433
       Ice dragon scales |       |       |       |       |       |       |       |   163 |   280 ||   443
Dodge: Dodged            |    42 |    14 |    74 |   313 |   152 |   227 |   352 |   324 |   330 ||  1828
Block: Tower shield      |       |       |       |       |   611 |   812 |  1102 |  1060 |   984 ||  4569
       Reflection        |       |       |       |       |    14 |   129 |    91 |    52 |    14 ||   300

Table legend: (Time is in decaauts)
 A = Elapsed time spent in this place.
 B = Non-inter-level travel time spent in this place.
 C = Inter-level travel time spent in this place.
 D = Time resting spent in this place.
 E = Time spent auto-exploring this place.
 F = Levels seen in this place.
 G = Mean time per level.
                   A        B        C        D        E       F      G
               +--------+--------+--------+--------+--------+-----+--------+
         Total | 101531 |  92830 |   8701 |  10402 |  63356 |  58 | 1750.5 |
       Dungeon |  25419 |  21427 |   3992 |   2203 |  15249 |  15 | 1694.6 |
        Temple |    219 |    154 |     65 |      0 |    151 |   1 |  219.0 |
          Lair |  13748 |  12590 |   1158 |   2178 |   7879 |   6 | 2291.3 |
         Swamp |   2316 |   2250 |     66 |    161 |   1592 |   4 |  579.0 |
     Snake Pit |  10722 |  10381 |    341 |   1496 |   6851 |   4 | 2680.5 |
    Slime Pits |   1727 |   1619 |    108 |    584 |    485 |   5 |  345.4 |
  Orcish Mines |   5450 |   4942 |    508 |    453 |   3568 |   2 | 2725.0 |
   Elven Halls |   6488 |   5889 |    599 |    173 |   4289 |   3 | 2162.7 |
        Vaults |   9565 |   9003 |    562 |    287 |   6737 |   4 | 2391.2 |
        Depths |  14060 |  13273 |    787 |    908 |   9637 |   5 | 2812.0 |
           Zot |   6504 |   5993 |    511 |   1333 |   3337 |   5 | 1300.8 |
         Sewer |    895 |    895 |      0 |      0 |    751 |   1 |  895.0 |
        Bailey |   2049 |   2049 |      0 |    480 |   1137 |   1 | 2049.0 |
      Ice Cave |   1888 |   1888 |      0 |      2 |   1539 |   1 | 1888.0 |
      Gauntlet |    474 |    474 |      0 |    144 |    154 |   1 |  474.0 |
               +--------+--------+--------+--------+--------+-----+--------+

Top non-repeatable levels by time:
Depths:3: 4652 daAuts
 Snake:4: 4273 daAuts
   Orc:2: 4061 daAuts
Vaults:3: 3118 daAuts
  Lair:6: 3114 daAuts
   Zot:5: 3093 daAuts
    D:15: 2977 daAuts
  Lair:1: 2939 daAuts
Depths:2: 2909 daAuts
 Snake:3: 2729 daAuts
   Elf:3: 2713 daAuts
  Lair:5: 2701 daAuts
     D:9: 2627 daAuts
    D:12: 2624 daAuts
   Elf:2: 2513 daAuts
